Map: Tokamak LE

Players

SubN - Winner!

  • Race: Zerg Zerg
  • League: Master
  • Spawn Location: 7:00

Izlue

  • Race: Zerg Zerg
  • League: Diamond
  • Spawn Location: 1:00

VOD

Have the link to the VOD?

Description

Time

  • Played on: July 13, 2025, 3:07 p.m.
  • Length: 3:36
Show
View Real Time Build Order
Export as new Build Order

SubN Zerg - Winner!

Build Orders: Pool First 

Get SALT Encoding   

  12  0:00  Drone  
  13  0:09  Drone  
  14  0:26  Spawning Pool  
  13  0:31  Extractor  
  12  0:55  Hatchery  
  11  1:10  Overlord  
  11  1:19  Queen  
  13  1:25  Zergling x2  
  14  1:42  Metabolic Boost  
  14  1:48  Zergling x4  
  14  1:54  Zergling x2  
  17  2:00  Zergling x2  
  18  2:13  Queen  
  20  2:17  Zergling x2  
  20  2:21  Zergling x2  
  22  2:27  Zergling x2  
  23  2:34  Zergling x2  
  24  2:40  Zergling x2  
  24  2:41  Zergling x2  
  26  2:47  Zergling x2  
  27  2:51  Zergling x2  
  28  3:08  Overlord  
Show
View Real Time Build Order
Export as new Build Order

Izlue Zerg 

Build Orders: Hatch First 

Get SALT Encoding   

  12  0:00  Drone  
  13  0:08  Drone  
  14  0:16  Overlord  
  14  0:34  Drone x3  
  17  0:50  Drone  
  17  0:54  Hatchery  
  17  1:08  Spawning Pool  
  17  1:11  Drone  
  17  1:13  Drone  
  17  1:16  Extractor  
  17  1:18  Drone  
  18  1:28  Overlord  
  18  1:39  Drone  
  19  1:55  Queen  
  19  1:56  Zergling x2  
  22  2:01  Zergling x2  
  22  2:06  Queen  
  22  2:07  Zergling x2  
  26  2:16  Baneling Nest  
  26  2:17  Zergling x2  
  26  2:20  Zergling x2  
  27  2:26  Drone  
  28  2:38  Drone  
  28  2:39  Drone x2  
  31  2:49  Drone  
  32  2:55  Drone x2  
  34  3:03  Baneling  
  34  3:04  Baneling  
  34  3:06  Baneling  
  34  3:08  Zergling x4, Overlord  
  34  3:09  Overlord  
  36  3:16  Zergling x4  
Tags
 
Add a new tag
Caveats
  • Supply blocks, unpowered buildings, or Contaminate may cause inaccurate times.
  • Supply counts are checked every 10 seconds.